[Event "SixDays Budapest GM-C 09-2024"]
[Site "Budapest"]
[Date "2024.09.25"]
[Round "2.5"]
[White "Zia, Tahsin Tajwar"]
[Black "Grebennikov, Nikolai A."]
[Result "1-0"]
[ECO "D72"]
[WhiteElo "2255"]
[BlackElo "2220"]
[Annotator "RC"]
[PlyCount "73"]
[EventDate "2024.09.24"]
[EventType "tourn"]
[EventCountry "HUN"]
[SourceTitle "playchess.com"]
[Source "ChessBase"]
[SourceQuality "1"]
[TimeControl "5400+30"]

1. d4 Nf6 2. c4 g6 3. g3 Bg7 4. Bg2 d5 5. cxd5 Nxd5 6. e4 Nb6 7. Ne2 c5 8. d5 e6 9. O-O exd5 10. exd5 O-O 11. Nec3 Na6 12. a4 Nc4 13. Na3 Nxa3 14. Rxa3 Bf5 15. g4 Bd7 16. Ne4 f5 17. gxf5 Rxf5 18. Ng3 Rf7 19. d6 Bc6 20. Bd5 Nb4 21. Bxf7+ Kxf7 22. Re1 Nd5 23. Ne4 Kg8 24. Qg4 Bd7 25. Qg3 Qa5 26. Bd2 Qb6 27. Qd3 Nf6 28. Qc4+ Kh8 29. Ng5 h6 30. Nf7+ Kh7 31. Bxh6 Bxh6 32. Nxh6 Qxd6 33. Rd3 Qf8 34. Qh4 Re8 35. Ng4+ Kg7 36. Qh6+ Kf7 37. Rxd7+ 1-0

[Event "SixDays Budapest GM-C 09-2024"]
[Site "Budapest"]
[Date "2024.09.25"]
[Round "3.1"]
[White "Grebennikov, Nikolai A."]
[Black "Aczel, Gergely"]
[Result "0-1"]
[ECO "D30"]
[WhiteElo "2220"]
[BlackElo "2460"]
[Annotator "TA"]
[PlyCount "72"]
[EventDate "2024.09.24"]
[EventType "tourn"]
[EventCountry "HUN"]
[SourceTitle "playchess.com"]
[Source "ChessBase"]
[SourceQuality "1"]
[TimeControl "5400+30"]

1. d4 Nf6 2. c4 e6 3. Nf3 d5 4. Bg5 h6 5. Bxf6 Qxf6 6. Nc3 Qd8 7. e3 g6 8. Qc2 Bg7 {[%emt 0:00:46] Weiß hat minimalen Vorteil.} 9. h4 c6 10. Bd3 Nd7 11. g4 O-O 12. g5 h5 13. cxd5 exd5 14. O-O-O Re8 15. e4 (15. Kb1 $11 {bleibt in der Remisbreite.}) 15... Nf8 $17 {[%emt 0:05:41] Schwarz führt seinen Vorteil zum Gewinn.} 16. Ne5 {[%emt 0:04:34] [#]} Ne6 $1 $19 17. f4 Nxf4 18. Rhf1 Nxd3+ 19. Rxd3 Be6 20. Qf2 $2 (20. exd5 {ist wohl besser.} cxd5 21. Kb1) 20... dxe4 21. Rd2 Qa5 22. Nxe4 Qxa2 {[%emt 0:00:28] Schwarz steht klar auf Gewinn.} 23. Nf6+ Bxf6 24. Qxf6 Bb3 25. Rd3 (25. Rc2 $142 Bxc2 26. Kxc2 Rxe5 27. dxe5) 25... Qa1+ 26. Kd2 Qxb2+ 27. Ke3 {[%emt 0:00:09] [#]} c5 $3 {[%emt 0:05:37][%mdl 512] Und jetzt ...cxd4+ wäre schön.} 28. Rf2 (28. Qf2 Rxe5+) 28... Qc1+ 29. Ke4 {[%emt 0:02:05] [#]} Rad8 $1 30. Rxb3 Rxd4+ 31. Kf3 Qd1+ (31... Rxh4 32. Qxf7+ Kh8 33. Nxg6#) 32. Kg2 Qxb3 33. Rf3 Qe6 34. Qxe6 Rxe6 35. Nxf7 Kg7 {[%emt 0:00:17][%cal Oe6e7] Und ...Re7! würde nun gewinnen.} ({Lieber nicht} 35... Rxh4 36. Nh6+ Kg7 (36... Kh8 37. Rf8+ Kh7 38. Rf7+ Kh8 39. Rf8+ Kh7 40. Rf7+ Kh8 41. Rf8+ $11) 37. Rf7+ Kh8 38. Rf8+ Kh7 39. Rf7+ Kh8 40. Rf8+ Kh7 41. Rf7+ Kh8 $11) 36. Nh6 Re7 {[%emt 0:00:38] Gewichteter Fehlerwert: Weiß=1.19/Schwarz=0.65.  Fehler:       	Weiß=4     	---        Ungenau:       	Weiß=4     	Schwarz=2     OK:         	Weiß=3     	Schwarz=11    Bester:       	---       	Schwarz=2} ({Schlechter ist} 36... Rxh4 37. Rf7+ Kh8 38. Rf8+ Kh7 39. Rf7+ Kh8 40. Rf8+ Kh7 41. Rf7+ Kh8 $11) 0-1

[Event "SixDays Budapest GM-C 09-2024"]
[Site "Budapest"]
[Date "2024.09.25"]
[Round "3.2"]
[White "Gatineau, Yovann"]
[Black "Zia, Tahsin Tajwar"]
[Result "1-0"]
[ECO "B15"]
[WhiteElo "2400"]
[BlackElo "2255"]
[Annotator "TA"]
[PlyCount "61"]
[EventDate "2024.09.24"]
[EventType "tourn"]
[EventCountry "HUN"]
[SourceTitle "playchess.com"]
[Source "ChessBase"]
[SourceQuality "1"]
[TimeControl "5400+30"]

1. e4 c6 2. d4 d5 3. Nc3 dxe4 4. Nxe4 Nf6 5. Nxf6+ exf6 6. Bc4 Na6 7. Nf3 Nc7 8. O-O Bd6 {[%emt 0:01:47] The position is equal.} 9. Re1+ Be6 10. Bxe6 Nxe6 11. c4 {[%emt 0:00:12] Hoping for d5.} O-O 12. Be3 Re8 13. Qc2 Qa5 14. a3 Rad8 15. Rad1 Bb8 16. b4 (16. h3 $11) 16... Qh5 (16... Qxa3 $17 17. c5 Qxb4) 17. h3 $11 b5 18. Rc1 Rd7 (18... Rc8 $11 {remains equal.}) 19. Qe4 Rc8 {[%emt 0:11:10] [#]} (19... bxc4 $16 {keeps fighting.} 20. Qxc6 Red8 21. Rxc4 (21. Qxc4 Qf5 $16) 21... h6) 20. d5 $1 $18 f5 (20... cxd5 21. cxd5 Nc7 22. d6 Rxd6 23. Bxa7 $18) 21. Qb1 cxd5 22. cxd5 Nc7 23. Bf4 {[%emt 0:08:04] Black is weak on the dark squares} (23. d6 $142 Rxd6 24. Bxa7) 23... Rcd8 24. Bxc7 (24. Qb3 $18 {has better winning chances.}) 24... Bxc7 $16 25. Nd4 $40 {[%emt 0:02:39][%cal Od4c6][%mdl 128] And now Nc6! would win. White attacks.} Rxd5 $2 {[%emt 0:02:26][%mdl 8192] [#]} (25... Qg5 $14) 26. Nc6 $1 $18 (26. Rxc7 Rxd4 27. Rxa7 h6 $11 (27... Rd1 28. Qxd1 Qxd1 29. Rxd1 $14)) 26... Bb6 (26... Kf8 27. Nxd8 (27. Nxa7 $2 Bb6 $19) 27... Bxd8) 27. Ne7+ Kf8 28. Nxd5 Rxd5 29. Rc8+ Bd8 30. Qc1 {[%emt 0:01:53][%cal Oc1c5] Intending Qc5+! and mate.} Qg6 {[%emt 0:03:26] [#]} 31. Qc5+ $3 {[%emt 0:00:31][%mdl 512] Weighted Error Value: White=0.30/Black=0.77.  Loses game:     	---       	Black=2      Mistake:       	White=3     	Black=3      Inaccurate:     	White=1     	Black=2      OK:         	White=4     	Black=5      Best:        	White=2     	Black=1      Strong:       	White=1     	---        Brilliant:      	White=1     	---} 1-0

[Event "SixDays Budapest GM-C 09-2024"]
[Site "Budapest"]
[Date "2024.09.25"]
[Round "3.3"]
[White "Gretarsson, Helgi Ass"]
[Black "Mayank Chakraborty"]
[Result "1/2-1/2"]
[ECO "E62"]
[WhiteElo "2450"]
[BlackElo "2431"]
[Annotator "TA"]
[PlyCount "44"]
[EventDate "2024.09.24"]
[EventType "tourn"]
[EventCountry "HUN"]
[SourceTitle "playchess.com"]
[Source "ChessBase"]
[SourceQuality "1"]
[TimeControl "5400+30"]

1. c4 Nf6 2. Nc3 g6 3. g3 Bg7 4. Bg2 O-O 5. d4 d6 6. Nf3 Nc6 7. O-O e5 8. d5 Nb8 9. Ne1 a5 10. e4 Na6 11. a3 {[%emt 0:14:19] White is slightly better.} Bd7 12. Nd3 Nc5 13. Nxc5 dxc5 14. f4 Ne8 15. fxe5 (15. Be3 $14) 15... Bxe5 $11 16. Bh6 Ng7 17. Qd2 Qe7 18. a4 f6 {[%emt 0:15:27] The position is equal.} 19. Be3 b6 20. b3 Ne8 21. Rae1 Nd6 22. Ne2 Rae8 {[%emt 0:02:47] Weighted Error Value: White=0.12 (very precise) /Black=0.06 (flawless) .  Mistake:       	White=1     	---        Inaccurate:     	White=1     	---        OK:         	White=4     	Black=6} 1/2-1/2

[Event "SixDays Budapest GM-C 09-2024"]
[Site "Budapest"]
[Date "2024.09.25"]
[Round "3.4"]
[White "Grover, Sahaj"]
[Black "Susilodinata, Andrean"]
[Result "0-1"]
[ECO "D00"]
[WhiteElo "2496"]
[BlackElo "2393"]
[Annotator "TA"]
[PlyCount "84"]
[EventDate "2024.09.24"]
[EventType "tourn"]
[EventCountry "HUN"]
[SourceTitle "playchess.com"]
[Source "ChessBase"]
[SourceQuality "1"]
[TimeControl "5400+30"]

1. d4 d5 2. Bf4 c5 3. e3 Nc6 4. Nf3 cxd4 5. exd4 e6 6. Nbd2 Nge7 7. Bd3 Ng6 8. Be3 {[%emt 0:00:20] The position is equal.} Bd6 9. c3 Nf4 10. Bxf4 Bxf4 11. g3 Bh6 12. Qe2 Bd7 (12... O-O {feels stronger.}) 13. h4 f6 14. O-O-O Qe7 15. Nh2 e5 16. dxe5 fxe5 17. Qh5+ Qf7 18. Qxf7+ Kxf7 19. Kb1 g6 20. Nb3 Rad8 $1 21. Be2 Bf5+ 22. Ka1 Bc2 23. Rde1 Rhe8 24. Ng4 Bg7 25. Ne3 Bxb3 26. axb3 Kf8 27. Nc2 d4 28. Rd1 dxc3 (28... e4 $15 29. cxd4 Bxd4 (29... Nxd4 30. Nxd4 Bxd4 31. f3 $17)) 29. bxc3 $11 e4 30. Kb2 Rc8 31. Ne3 ({White should play} 31. h5 $11) 31... Nb4 $36 {[%emt 0:05:19][%mdl 2048] Black has some pressure.} 32. Rc1 (32. Bc4 $1 $15) 32... Red8 $17 {[%emt 0:01:19] Black is more active.} 33. Rhd1 {[%emt 0:00:36] [#] Prevents Rd2+.} Nd3+ $1 34. Bxd3 exd3 35. Rd2 $2 {[%emt 0:03:51] This costs White the game.} (35. Ng2 $17) 35... b5 $19 {[%emt 0:07:15] ...b4 would now be deadly.} 36. b4 {[%emt 0:00:07] [#]} a5 $1 37. Kb3 (37. bxa5 $2 {loses.} b4 38. Rdd1 (38. Nd1 $2 bxc3+ 39. Rxc3 Rc5 $19) 38... bxc3+ (38... Rxc3 $2 39. Rxc3 bxc3+ 40. Kc1 $19) 39. Ka3 c2 $19) 37... a4+ 38. Kb2 Kf7 39. f4 h5 {[%emt 0:00:30] Prevents Ng4.} 40. g4 Bf6 {[%emt 0:08:25] Black is clearly winning.} 41. g5 Bg7 42. f5 Be5 {[%emt 0:00:40] Weighted Error Value: White=0.30/Black=0.07 (flawless) .  Loses game:     	White=1     	---        Mistake:       	White=2     	Black=2      Inaccurate:     	White=4     	Black=1      OK:         	White=12    	Black=12     Best:        	White=2     	Black=3      Strong:       	---       	Black=2      Brilliant:      	---       	Black=1} 0-1

[Event "SixDays Budapest GM-C 09-2024"]
[Site "Budapest"]
[Date "2024.09.25"]
[Round "3.5"]
[White "Palczert, Matyas"]
[Black "Sardana, Rishi"]
[Result "1/2-1/2"]
[ECO "B52"]
[WhiteElo "2345"]
[BlackElo "2477"]
[Annotator "TA"]
[PlyCount "96"]
[EventDate "2024.09.24"]
[EventType "tourn"]
[EventCountry "HUN"]
[SourceTitle "playchess.com"]
[Source "ChessBase"]
[SourceQuality "1"]
[TimeControl "5400+30"]

1. e4 c5 2. Nf3 d6 3. Bb5+ Bd7 4. c4 Nc6 5. O-O Nf6 6. Nc3 g6 7. d4 cxd4 8. Nxd4 Bg7 9. Bxc6 bxc6 10. c5 O-O 11. h3 Qb8 12. Re1 Rd8 13. cxd6 exd6 14. Qf3 h6 {[%emt 0:12:13][%cal Od6d5] [#] Against Bg5} (14... Re8 {looks sharper.} 15. Bg5 Ng4 16. Nxc6 Bxc6 17. hxg4 Qxb2 18. Rec1 Bxc3 19. Qxc3 Qxc3 20. Rxc3 Bxe4 21. f3 Bd5) 15. e5 $1 dxe5 16. Nxc6 Bxc6 17. Qxc6 a5 18. Qf3 a4 19. Qe2 Qb4 20. a3 Qb3 21. Qf3 Nd5 22. Nxd5 $1 Rxd5 23. Qxb3 $1 axb3 24. Be3 (24. a4 $11) 24... e4 $15 25. Re2 Rad8 (25... f5 $17) 26. a4 Rd1+ 27. Re1 $1 ({Don't go for} 27. Rxd1 $2 Rxd1+ 28. Kh2 Rb1 $19) 27... Rxa1 28. Rxa1 Bxb2 {[%emt 0:00:17][%mdl 4096] Endgame. KRB-KRB} 29. Rb1 Be5 {[%emt 0:00:09] [#] Threatens to win with ...b2.} 30. f4 $1 Bc3 ({Black should play} 30... exf3 $15 31. Rxb3 Rd1+ 32. Kf2 fxg2 33. Kxg2 Ra1 34. Bxh6 Ra2+ (34... Rxa4 35. Be3 $17) 35. Kf3 Rxa4) 31. Rxb3 $11 {[%emt 0:01:41] The position is equal.} Rd3 32. Rb8+ Kg7 33. Kf2 Bd2 34. Bxd2 Rxd2+ {[%emt 0:00:01] KR-KR} 35. Kg3 g5 36. fxg5 hxg5 {[%emt 0:00:02] aiming for ...f5.} 37. Rb5 Kg6 38. Rb6+ $1 f6 39. a5 Ra2 40. a6 Kf5 41. Rb5+ Ke6 42. h4 gxh4+ (42... Rxa6 43. hxg5 fxg5 44. Rxg5) 43. Kf4 Rxa6 {[%emt 0:02:24] ...Ra2 is the strong threat.} ({Don't play} 43... Rxg2 $6 44. Ra5 Rg8 45. Kxe4 $16) 44. Kxe4 Ra3 45. Kf4 Rg3 46. Rh5 $1 Rxg2 47. Rxh4 Ra2 {[%emt 0:00:04] ( -> ...Ra4+)} 48. Rh5 $1 Ra4+ {[%emt 0:00:12] Weighted Error Value: White=0.06 (flawless) /Black=0.05 (flawless) .  Mistake:       	White=1     	Black=2      Inaccurate:     	White=3     	Black=1      OK:         	White=19    	Black=19     Best:        	White=2     	Black=2      Strong:       	White=7     	---} 1/2-1/2

[Event "SixDays Budapest GM-C 09-2024"]
[Site "Budapest"]
[Date "2024.09.26"]
[Round "4.1"]
[White "Aczel, Gergely"]
[Black "Sardana, Rishi"]
[Result "1/2-1/2"]
[ECO "E46"]
[WhiteElo "2460"]
[BlackElo "2477"]
[Annotator "RC"]
[PlyCount "106"]
[EventDate "2024.09.24"]
[EventType "tourn"]
[EventCountry "HUN"]
[SourceTitle "playchess.com"]
[Source "ChessBase"]
[SourceQuality "1"]
[TimeControl "5400+30"]

1. d4 Nf6 2. c4 e6 3. Nc3 Bb4 4. e3 O-O 5. Bd2 d5 6. Nf3 b6 7. cxd5 exd5 8. Rc1 c5 9. dxc5 bxc5 10. a3 Ba5 11. Bb5 a6 12. Ba4 Bg4 13. O-O Ne4 14. Nxe4 dxe4 15. Bxa5 Qxa5 16. Rc4 Rd8 17. Qe1 Qb6 18. Rxe4 Bf5 19. Re8+ Rxe8 20. Bxe8 Kf8 21. Qd1 Kxe8 22. Qd5 Bd7 23. Ng5 h6 24. Qxf7+ Kd8 25. Ne4 Qe6 26. Qf8+ Qe8 27. Qf4 Qe7 28. Rd1 g5 29. Qf5 Kc7 30. Qg6 Be8 31. Qf5 Bd7 32. Qg6 Nc6 33. Nf6 Be6 34. Qxh6 Rf8 35. Nd5+ Bxd5 36. Rxd5 Qe4 37. Rd1 Rd8 38. Rf1 g4 39. h3 gxh3 40. Qxh3 Rd2 41. Rc1 Kb6 42. Qh8 Qf5 43. Qh4 Rxb2 44. g4 Qf3 45. g5 Ne5 46. g6 Qd5 47. Qf6+ Kb5 48. a4+ Ka5 49. g7 Nf3+ 50. Kf1 Nd2+ 51. Kg1 Nf3+ 52. Kf1 Nd2+ 53. Kg1 Nf3+ 1/2-1/2

[Event "SixDays Budapest GM-C 09-2024"]
[Site "Budapest"]
[Date "2024.09.26"]
[Round "4.2"]
[White "Susilodinata, Andrean"]
[Black "Palczert, Matyas"]
[Result "1-0"]
[ECO "A45"]
[WhiteElo "2393"]
[BlackElo "2345"]
[Annotator "RC"]
[PlyCount "55"]
[EventDate "2024.09.24"]
[EventType "tourn"]
[EventCountry "HUN"]
[SourceTitle "playchess.com"]
[Source "ChessBase"]
[SourceQuality "1"]
[TimeControl "5400+30"]

1. d4 Nf6 2. Nc3 d5 3. Bf4 e6 4. Nb5 Na6 5. e3 Be7 6. Nf3 O-O 7. h4 c6 8. Nc3 c5 9. h5 h6 10. g4 cxd4 11. exd4 Qa5 12. g5 hxg5 13. Bxg5 Bd7 14. h6 g6 15. h7+ Kh8 16. Ne5 Qd8 17. Qf3 Be8 18. Bh6 Nb4 19. O-O-O Rc8 20. Kb1 Nc6 21. Be2 a6 22. Qf4 b5 23. Rdg1 b4 24. Nd1 Rc7 25. Qh2 Bd7 26. Rxg6 fxg6 27. Bxf8 Nxe5 28. Bg7+ 1-0

[Event "SixDays Budapest GM-C 09-2024"]
[Site "Budapest"]
[Date "2024.09.26"]
[Round "4.3"]
[White "Mayank Chakraborty"]
[Black "Grover, Sahaj"]
[Result "1-0"]
[ECO "B40"]
[WhiteElo "2431"]
[BlackElo "2496"]
[Annotator "TA"]
[PlyCount "56"]
[EventDate "2024.09.24"]
[EventType "tourn"]
[EventCountry "HUN"]
[SourceTitle "playchess.com"]
[Source "ChessBase"]
[SourceQuality "1"]
[TimeControl "5400+30"]

1. e4 c5 2. Nf3 e6 3. b3 b6 4. d4 cxd4 5. Nxd4 Bb7 6. Nd2 Qf6 (6... Nf6 $11) 7. Nc4 {[%emt 0:28:28] Strongly threatening e5.} Bb4+ 8. Bd2 {[%emt 0:00:09] White has an edge.} Bc5 9. Be3 {[%emt 0:10:18] aiming for e5. Active counter play!} Bb4+ 10. Bd2 Bc5 11. Be3 Bb4+ 12. Bd2 Bc5 13. e5 Qh4 14. Be3 $36 {[%emt 0:02:33][%mdl 2048] Hoping for Nb5. White has good play.} Bb4+ 15. Bd2 Bc5 16. c3 {[%emt 0:03:15] With the idea b4.} Ne7 {[%emt 0:04:13] [#]} (16... Nc6 $11 {remains equal.} 17. Be3 Nxd4 18. Bxd4 Qe4+ 19. Kd2 d5 20. Bxc5 (20. exd6 Bxd4 21. cxd4 Qxd4+ 22. Ke1 Qc3+ 23. Ke2 Bd5 $17) (20. Nd6+ Bxd6 21. exd6 Qf4+ 22. Kc2 Kf8 $11) 20... dxc4) 17. b4 $1 $16 b5 18. Nd6+ (18. Nxb5 $2 Qxf2#) (18. bxc5 {simplifies} bxc4 19. Nb5 Qe4+ 20. Qe2) 18... Bxd6 19. exd6 Nf5 ({Black should try} 19... Nd5 $1 $14) 20. Nxf5 (20. Bxb5 Nxd4 21. cxd4 Bxg2 $17) 20... exf5 21. Bxb5 Bxg2 (21... O-O $142 22. O-O a6) 22. Rg1 $18 Be4 {[%emt 0:00:31] Black is weak on the dark squares} (22... a6 {was called for.}) 23. Rxg7 {[%emt 0:01:28] And now Bg5 would win.} a5 $2 (23... Qxh2 24. Qb3 Qh5) 24. Bg5 Qxh2 25. Qb3 (25. Qd4 $142 Qg1+ 26. Kd2 (26. Bf1 Nc6 $18) 26... Qxf2+ 27. Qxf2 Nc6 28. Bxc6 h6 29. Bxe4 (29. Bxa8 hxg5 30. Bxe4 axb4 31. Qxf5 Rh2+ 32. Ke3 Re2+ 33. Kxe2 f6 34. Qxd7+ Kf8 35. Qf7#) 29... hxg5 30. Qxf5 (30. Bxa8 axb4 31. Qxf5 bxc3+ 32. Kxc3 Kd8 33. Qxg5+ Kc8 34. Rg8+ Rxg8 35. Qxg8#)) 25... Rf8 26. Be7 $2 (26. Qe6+ {mates} fxe6 27. Re7+ Kd8 28. Rxd7+ (28. Rxh7+ Kc8 $14) 28... Ke8 29. Re7+ Kd8 30. Re8#) 26... Qh1+ {[%emt 0:03:12] [#] White has a decisive advantage.} (26... Qe5 27. Qxf7+ (27. Rxh7 $2 Bd5+ 28. Kf1 Bxb3 $19) 27... Rxf7 28. Rg8+) 27. Bf1 $1 {[%emt 0:01:00][%cal Ob3f7] Intending Qxf7+! and mate. This pair of bishops is nice.} ({Avoid the trap} 27. Kd2 $2 Qh6+ 28. Rg5 f6 $19) 27... Bd5 28. c4 Be6 $2 {[%emt 0:00:19] Weighted Error Value: White=0.25 (precise) /Black=0.68.  Mistake:       	---       	Black=7      Inaccurate:     	White=2     	Black=2      OK:         	White=3     	Black=7      Best:        	White=9     	Black=1      Strong:       	White=1     	---} (28... Qe4+ 29. Qe3 Nc6 30. Bxf8 (30. cxd5 Qxb4+ 31. Qd2 Qe4+ 32. Kd1 Qa4+ 33. Kc1 Nxe7 $14) (30. Rxh7 f4 $18) 30... Kxf8) 1-0

[Event "SixDays Budapest GM-C 09-2024"]
[Site "Budapest"]
[Date "2024.09.26"]
[Round "4.4"]
[White "Zia, Tahsin Tajwar"]
[Black "Gretarsson, Helgi Ass"]
[Result "0-1"]
[ECO "A40"]
[WhiteElo "2255"]
[BlackElo "2450"]
[Annotator "RC"]
[PlyCount "92"]
[EventDate "2024.09.24"]
[EventType "tourn"]
[EventCountry "HUN"]
[SourceTitle "playchess.com"]
[Source "ChessBase"]
[SourceQuality "1"]
[TimeControl "5400+30"]

1. d4 g6 2. c4 Bg7 3. Nf3 e6 4. Nc3 Ne7 5. h4 h6 6. Bf4 d6 7. e4 Nd7 8. Qd2 b6 9. O-O-O Bb7 10. Be2 a6 11. Kb1 Nf6 12. Qc2 Qd7 13. e5 Ng4 14. Rhf1 Nf5 15. Ne1 h5 16. Bf3 Bxf3 17. Nxf3 O-O 18. Qe2 Qc6 19. Ne4 b5 20. Rc1 bxc4 21. Rxc4 Qb6 22. Ng3 Nxd4 23. Nxd4 dxe5 24. Nc6 exf4 25. Ne4 Rfe8 26. Qc2 a5 27. Rd1 Ne5 28. Rc5 Nxc6 29. Rxc6 Qb8 30. Rd7 Rd8 31. Rxd8+ Qxd8 32. Rxc7 Rb8 33. b3 Be5 34. Rc4 Qxh4 35. Rc8+ Kg7 36. Rxb8 Qh1+ 37. Qc1 Qxc1+ 38. Kxc1 Bxb8 39. a3 f5 40. Nd2 Ba7 41. f3 Be3 42. Kc2 Bxd2 43. Kxd2 Kf7 44. Kd3 Ke7 45. Kc4 g5 46. Kd4 Kd6 0-1

[Event "SixDays Budapest GM-C 09-2024"]
[Site "Budapest"]
[Date "2024.09.26"]
[Round "4.5"]
[White "Grebennikov, Nikolai A."]
[Black "Gatineau, Yovann"]
[Result "0-1"]
[ECO "E46"]
[WhiteElo "2220"]
[BlackElo "2400"]
[Annotator "RC"]
[PlyCount "46"]
[EventDate "2024.09.24"]
[EventType "tourn"]
[EventCountry "HUN"]
[SourceTitle "playchess.com"]
[Source "ChessBase"]
[SourceQuality "1"]
[TimeControl "5400+30"]

1. d4 Nf6 2. c4 e6 3. Nc3 Bb4 4. e3 O-O 5. Nge2 c6 6. Ng3 d5 7. Bd3 dxc4 8. Bxc4 e5 9. Qb3 Bd6 10. dxe5 Bxe5 11. a4 Nbd7 12. f4 Nc5 13. Qc2 Bxc3+ 14. bxc3 Re8 15. O-O Be6 16. Be2 Qa5 17. Ra3 Rad8 18. e4 Ncxe4 19. Nxe4 Nxe4 20. Qxe4 Bg4 21. Qxe8+ Rxe8 22. Bxg4 Qc5+ 23. Kh1 Qf2 0-1

[Event "SixDays Budapest GM-C 09-2024"]
[Site "Budapest"]
[Date "2024.09.26"]
[Round "5.1"]
[White "Gatineau, Yovann"]
[Black "Aczel, Gergely"]
[Result "0-1"]
[ECO "B10"]
[WhiteElo "2400"]
[BlackElo "2460"]
[Annotator "RC"]
[PlyCount "160"]
[EventDate "2024.09.24"]
[EventType "tourn"]
[EventCountry "HUN"]
[SourceTitle "playchess.com"]
[Source "ChessBase"]
[SourceQuality "1"]
[TimeControl "5400+30"]

1. e4 c6 2. Nf3 d5 3. e5 Bg4 4. Be2 e6 5. O-O c5 6. c4 Nc6 7. cxd5 Qxd5 8. Nc3 Qd7 9. Qa4 Bxf3 10. Bxf3 Nxe5 11. Qxd7+ Kxd7 12. Bxb7 Rb8 13. Ba6 Nf6 14. b3 Bd6 15. Ba3 c4 16. Bxd6 Kxd6 17. f4 Nc6 18. Bxc4 Nd4 19. Rae1 Rhd8 20. d3 g6 21. h3 h5 22. g3 Ke7 23. Kg2 Rd7 24. Re5 Kf8 25. Rf2 Kg7 26. Ra5 Nc6 27. Ra4 Nd4 28. Ra5 Nc6 29. Ra4 Nd4 30. Rb2 Nf5 31. Kf2 Nd6 32. Re2 Rb6 33. Ne4 Nf5 34. Nxf6 Kxf6 35. g4 hxg4 36. hxg4 Nd6 37. Re5 Rb8 38. Re3 Rh8 39. Kg3 Rh1 40. Re2 Rg1+ 41. Rg2 Rf1 42. Rf2 Rg1+ 43. Rg2 Rf1 44. Rf2 Rg1+ 45. Kf3 g5 46. fxg5+ Kxg5 47. Ra5+ Kg6 48. Rg2 Rf1+ 49. Rf2 Rg1 50. Rg2 Rd1 51. Ke2 Rb1 52. Ke3 Rd1 53. Rd2 Rg1 54. Kf3 Rf1+ 55. Rf2 Rg1 56. Re5 Rd8 57. Ree2 Ne8 58. Rg2 Rd1 59. Rd2 Rf1+ 60. Rdf2 Re1 61. Re2 Rf1+ 62. Ke3 Nf6 63. Ref2 Rxf2 64. Kxf2 Kg5 65. b4 Nxg4+ 66. Ke2 f5 67. b5 e5 68. a4 Rd4 69. Kd2 Rd6 70. Kc3 f4 71. a5 f3 72. Rg1 f2 73. Ra1 Ne3 74. b6 axb6 75. a6 Rd7 76. d4 exd4+ 77. Kb3 d3 78. Bb5 Rd8 79. Kc3 d2 80. Be2 d1=Q 0-1

[Event "SixDays Budapest GM-C 09-2024"]
[Site "Budapest"]
[Date "2024.09.26"]
[Round "5.2"]
[White "Gretarsson, Helgi Ass"]
[Black "Grebennikov, Nikolai A."]
[Result "1/2-1/2"]
[ECO "B38"]
[WhiteElo "2450"]
[BlackElo "2220"]
[Annotator "ChessBase"]
[PlyCount "101"]
[EventDate "2024.09.24"]
[EventType "tourn"]
[EventCountry "HUN"]
[SourceTitle "playchess.com"]
[Source "ChessBase"]
[SourceQuality "1"]
[TimeControl "5400+30"]

1. Nf3 c5 2. c4 g6 3. d4 cxd4 4. Nxd4 Nc6 5. e4 Bg7 6. Be3 Qb6 7. Nb3 Qc7 8. Qd2 Nf6 9. Nc3 Ng4 10. Bf4 e5 11. Bg3 O-O 12. h3 Bh6 13. Qd1 Nf6 14. Bh4 Ne8 15. Nd5 Qb8 16. c5 d6 17. Bb5 a6 18. Bxc6 bxc6 19. Nb6 Ra7 20. Nxc8 Qxc8 21. cxd6 g5 22. Nc5 gxh4 23. d7 Qd8 24. dxe8=Q Qa5+ 25. Kf1 Rxe8 26. Qg4+ Kh8 27. Nb3 Qb5+ 28. Kg1 Rg8 29. Qxh4 Rg6 30. Qd8+ Kg7 31. Qa5 Qe2 32. Qxe5+ f6 33. Nd4 Qd3 34. Nf5+ Kf7 35. Nd6+ Kg8 36. Qe6+ Kh8 37. Nf5 Bf4 38. Qxc6 Rd7 39. Rf1 Rd8 40. Nh4 Rh6 41. g3 Rg8 42. Nf5 Rhg6 43. Kh2 Bxg3+ 44. Nxg3 Rxg3 45. Qxf6+ R8g7 46. Qf8+ Rg8 47. Qf6+ R8g7 48. Qf8+ Rg8 49. Qf6+ R8g7 50. Qf8+ Rg8 51. Qf6+ 1/2-1/2